 Dungeon Crawl Stone Soup version 0.18.1-48-g4cf74bf (webtiles) character file.

208 Lennu the Chiller (level 5, 0/37 HPs)
             Began as a Merfolk Ice Elementalist on June 29, 2016.
             Killed by nerve-wracking pain
             ... invoked by an orc priest
              (1 damage)
             ... on level 3 of the Dungeon.
             The game lasted 00:13:31 (2922 turns).

Lennu the Chiller (Merfolk Ice Elementalist)        Turns: 2922, Time: 00:13:31

Health: 0/37       AC: 10    Str:  9    XL:     5   Next: 86%
Magic:  6/9        EV: 13    Int: 14    God:
Gold:   67         SH:  0    Dex: 15    Spells: 2 memorised, 6 levels left

rFire  . . .     SeeInvis .     g - +0 spear
rCold  . . .     Gourm    .     h - +0 leather armour
rNeg   . . .     Faith    .     (no shield)
rPois  .         Spirit   .     n - +1 helmet
rElec  .         Dismiss  .     (no cloak)
rCorr  .         Reflect  .     (no gloves)
SustAt .         Harm     .     (no boots)
MR     .....                    t - amulet of inaccuracy (curse)
Stlth  ++........               (no ring)
                                (no ring)

@: icy armour, slow, not resistant to hostile enchantments, unstealthy
A: change form in water, swift swim
a: no special abilities


You were on level 3 of the Dungeon.
You were not hungry.

You visited 1 branch of the dungeon, and saw 3 of its levels.

You collected 67 gold pieces.

Inventory:

Hand Weapons
 d - a +0 short sword
 e - a +1 short sword of draining
 g - a +0 spear (weapon)
Armour
 h - a +0 leather armour (worn)
 j - a +2 robe of magic resistance
 n - a +1 helmet (worn)
Jewellery
 t - a cursed amulet of inaccuracy (around neck)
Scrolls
 f - a scroll of enchant armour
Potions
 a - a potion of might
 o - a potion of degeneration
 q - a potion of haste {unknown}
Books
 b - a book of Frost

   Spells                             Type                      Level
   a - Freeze                         Ice                          1
   b - Throw Frost                    Conjuration/Ice              2
   c - Ozocubu's Armour               Charms/Ice                   3
   d - Throw Icicle                   Conjuration/Ice              4
   e - Summon Ice Beast               Ice/Summoning                4
Comestibles
 c - 2 bread rations
 i - a beef jerky
 k - 4 fruits


   Skills:
 * Level 1.4 Fighting
 * Level 1.1 Polearms
 * Level 1.3 Armour
 * Level 3.9 Dodging
 - Level 2.1 Stealth
 * Level 3.0 Spellcasting
   Level 0.7 Conjurations
 * Level 0.4 Charms
 * Level 4.7 Ice Magic


You had 6 spell levels left.
You knew the following spells:

 Your Spells              Type           Power        Failure   Level  Hunger
a - Freeze                Ice            ###.         6%          1    #......
b - Ozocubu's Armour      Chrm/Ice       #.......     34%         3    ###....


Dungeon Overview and Level Annotations

Branches:
Dungeon (3/15)

Altars:


Message History

Confirm with . or Enter, or press ? or * to list all spells.
A film of ice covers your body!
The orc priest drinks a potion.
The orc priest flickers and vanishes!
Deactivating autopickup; reactivate with Ctrl-A.
You miss something.
You hear something mumble some strange prayers to Beogh against you.
Something tries to affect you, but you resist.
You closely miss something. Something hits you but does no damage.
You completely miss something. Something hits you but does no damage.
You completely miss something.
You hear something invoke the aid of Beogh against you.
Pain shoots through your body!
* * * LOW HITPOINT WARNING * * *
You miss something. Something barely misses you.
You hit something. Something hits you.
* * * LOW HITPOINT WARNING * * *
You hit something but do no damage.
You hear something mumble some strange prayers to Beogh against you.
Pain shoots through your body!
You die...

.o.......####o..##........#.#
o.###.#######...#########.# .
#. #.......# # .. #.#(..#.#
### #)#...#.## #.#>)([..#
##########.#...#..#
#...........####{.#
##......###.....@..#
#.........##.#####.#######
#.......#.##.###.........#
#.......#.##.#.....#####.####
#................####....)..#
#.##.##.######.## #.##.##)#
#.......# #. #.##.##.#
####.####### # #....##<#
#.......# #..####.#


There were no monsters in sight!

Vanquished Creatures
  An orc priest (D:3)
  Jessica (D:2)
  An orc wizard (D:3)
  Terence (D:2)
  3 gnolls
  2 adders (D:3)
  A worm (D:2)
  A dart slug (D:2)
  3 giant geckos
  3 orcs (D:3)
  4 giant cockroaches
  7 hobgoblins
  7 kobolds
  3 quokkas (D:2)
  2 ball pythons
  6 bats
  3 giant newts
  3 goblins
  6 rats
58 creatures vanquished.

Notes
Turn   | Place    | Note
--------------------------------------------------------------
     0 | D:1      | Lennu the Merfolk Ice Elementalist began the quest for the Orb.
     0 | D:1      | Reached XP level 1. HP: 13/13 MP: 3/3
   195 | D:1      | Reached XP level 2. HP: 19/19 MP: 3/5
   857 | D:2      | Reached XP level 3. HP: 19/24 MP: 0/6
  1042 | D:2      | Noticed Jessica
  1058 | D:2      | Killed Jessica
  1058 | D:2      | Reached skill level 4 in Ice Magic
  1058 | D:2      | Reached XP level 4. HP: 31/31 MP: 0/8
  1269 | D:2      | Noticed Terence
  1283 | D:2      | Killed Terence
  1758 | D:2      | Reached skill level 1 in Fighting
  1758 | D:2      | Reached skill level 1 in Armour
  1758 | D:2      | Reached XP level 5. HP: 4/37 MP: 5/9
  2040 | D:2      | Learned a level 3 spell: Ozocubu's Armour
  2520 | D:3      | Reached skill level 1 in Polearms
  2919 | D:3      | HP: 1/37 [something/nerve-wracking pain (13)]
  2922 | D:3      | Killed from afar by an orc priest

Skill      XL: |  1  2  3  4  5 |
---------------+----------------+-----
Dodging        | 3 |  3.9
Ice Magic      | 4 |  4.7
Fighting       | 1 |  1.4
Armour         | 1 |  1.3
Polearms       | 1 |  1.1
Spellcasting   | 3 |  3.0
Stealth        | |  2.1
Conjurations   | |  0.7
Charms         | |  0.4

Action                   |  1- 3 |  4- 6 || total
-------------------------+-------+-------++-------
Melee: Short sword       |    54 |    35 ||    89
       Unarmed           |     2 |       ||     2
       Spear             |       |    90 ||    90
 Cast: Freeze            |    19 |    24 ||    43
       Ozocubu's Armour  |       |     3 ||     3
  Use: Potion            |       |     5 ||     5
       Scroll            |       |     7 ||     7
 Stab: Sleeping          |     7 |     2 ||     9
  Eat: Chunk             |     1 |     2 ||     3
       Bread ration      |       |     1 ||     1
Armor: Robe              |     1 |       ||     1
       Leather armour    |    14 |    33 ||    47
       Skin              |       |     6 ||     6
Dodge: Dodged            |    36 |    81 ||   117
